AoeStats
← Ken

Black Forest

510098728Analyzed
4v4 RM · 1d ago on Sep 29, 2026· 74m 52s· 8 players
Game mode
Random Map
Map size
Large (8 player)
Population
200
Speed
Normal
Resources
Standard
Victory
Conquest
Starting age
Dark Age
Ending age
Imperial Age
RankedLock teamsTeams togetherTeam positionsShared explorationLock speedFull tech treeHidden civsTurbo modeCheats
Victory
Defeat
🇩🇪 Portuguese · Germany
1026
+12
🇨🇳 Franks · China
949
+16
🇩🇪 Britons · Germany
933
+16
🇪🇸 Celts · Spain
880
+18
🇨🇳 Franks · China
980
-17
975
-17
916
-15
🇺🇸 Celts · United States
887
-13
Macholdi
0:34 Loom
14:17 Feudal Age
15:40 Wheelbarrow
15:04 Double-Bit Axe
15:02 Horse Collar
15:15 Gold Mining
16:28 Stone Mining
22:56 Castle Age
24:16 Hand Cart
24:04 Heavy Plow
24:17 Bow Saw
29:47 Gold Shaft Mining
34:56 Imperial Age
33:08 Padded Archer Armor
32:59 Fletching
33:13 Treadmill Crane
33:54 Ballistics
33:03 Pikeman
33:43 Squires
33:29 Arson
34:38 Leather Archer Armor
35:32 Yeomen
35:50 Scale Mail Armor
37:20 Two-Man Saw
36:18 Halberdier
38:03 Conscription
38:53 Warwolf
40:51 Elite Longbowman
42:55 Caravan
43:25 Coinage
47:40 Banking
47:21 Guilds
60:11 Ring Archer Armor
59:36 Bodkin Arrow
59:52 Forging
59:57 Chain Mail Armor
59:48 Scale Barding Armor
60:46 Chemistry
59:32 Arrowslits
59:38 Heated Shot
59:44 Murder Holes
60:00 Fortified Wall
59:40 Guard Tower
60:01 Masonry
59:57 Siege Engineers
60:03 Careening
60:04 Clinker Construction
60:14 Shipwright
60:00 Siphons
67:23 Bracer
67:58 Iron Casting
67:54 Plate Mail Armor
xeniltildor
12:12 Feudal Age
16:33 Castle Age
15:23 Double-Bit Axe
16:42 Horse Collar
18:14 Fletching
21:18 Forging
21:08 Scale Mail Armor
29:44 Imperial Age
29:22 Bow Saw
30:56 Conscription
43:32 Forging
43:28 Scale Barding Armor
44:13 Circumnavigation
43:44 Sappers
44:26 Husbandry
44:05 Cavalier
46:52 Light Cavalry
47:43 Bloodlines
48:31 Bodkin Arrow
48:36 Padded Archer Armor
50:40 Chemistry
50:00 Ballistics
49:46 Bracer
50:02 Leather Archer Armor
52:37 Bombard Tower
60:39 Elite Organ Gun
62:17 Iron Casting
62:16 Ring Archer Armor
61:56 Siphons
62:04 Crossbowman
62:50 Thumb Ring
63:26 Arbalester
Daoiz1802
13:17 Feudal Age
13:46 Double-Bit Axe
15:34 Stone Mining
18:14 Castle Age
17:24 Horse Collar
20:10 Fervor
28:40 Fishing Lines
29:06 Gold Mining
29:53 Stone Shaft Mining
30:09 Bow Saw
33:40 Imperial Age
30:59 Loom
33:54 Wheelbarrow
34:06 Gold Shaft Mining
34:32 Ballistics
35:25 Chemistry
37:11 Hand Cart
37:05 Siege Engineers
36:53 Heavy Scorpion
40:17 Furor Celtica
40:22 Onager
41:34 Siege Onager
45:11 Elite Woad Raider
55:16 Caravan
65:30 Husbandry
64:53 Light Cavalry
66:29 Hussar
DreamDusty
12:01 Feudal Age
13:17 Double-Bit Axe
14:04 Loom
16:29 Castle Age
17:46 Bow Saw
18:26 Wheelbarrow
22:56 Forging
22:35 Town Watch
23:46 Hand Cart
24:03 Gold Mining
26:23 Gold Shaft Mining
27:15 Husbandry
30:46 Imperial Age
29:43 Iron Casting
29:14 Scale Barding Armor
28:48 Elite Skirmisher
29:15 Treadmill Crane
29:46 Caravan
30:03 Town Patrol
31:25 Cavalier
33:06 Blast Furnace
32:27 Chain Barding Armor
31:59 Fletching
33:30 Chemistry
33:13 Siege Engineers
33:29 Ballistics
33:19 Masonry
35:12 Conscription
34:15 Paladin
36:11 Onager
37:55 Hoardings
38:35 Plate Barding Armor
38:55 Scale Mail Armor
38:51 Bodkin Arrow
38:31 Pikeman
40:15 Squires
46:10 Chain Mail Armor
47:36 Halberdier
48:01 Gambesons
75:39 Plate Mail Armor
Ken
11:17 Feudal Age
15:36 Castle Age
13:56 Double-Bit Axe
17:41 Bow Saw
19:04 Loom
23:58 Wheelbarrow
25:53 Hand Cart
29:47 Imperial Age
27:53 Treadmill Crane
28:53 Scale Barding Armor
28:58 Forging
30:30 Chain Barding Armor
30:08 Gold Mining
31:39 Iron Casting
31:45 Husbandry
31:06 Cavalier
32:52 Plate Barding Armor
33:49 Blast Furnace
33:36 Paladin
35:26 Gold Shaft Mining
34:41 Stone Mining
39:14 Conscription
38:59 Chivalry
38:30 Ordonnance Companies
39:11 Scale Mail Armor
39:12 Padded Archer Armor
39:02 Fletching
39:12 Murder Holes
40:51 Elite Throwing Axeman
41:48 Chain Mail Armor
41:48 Leather Archer Armor
41:28 Bodkin Arrow
41:57 Ballistics
41:44 Caravan
43:34 Plate Mail Armor
44:06 Chemistry
53:07 Siphons
54:37 Light Cavalry
61:37 Squires
60:58 Pikeman
友军有难不动如山
0:27 Loom
13:09 Feudal Age
13:46 Double-Bit Axe
20:52 Castle Age
19:05 Horse Collar
20:44 Stone Mining
20:45 Gold Mining
21:47 Bow Saw
22:36 Heavy Plow
23:43 Wheelbarrow
25:41 Hand Cart
26:27 Stone Shaft Mining
29:18 Gold Shaft Mining
32:25 Imperial Age
30:29 Padded Archer Armor
30:22 Fletching
31:02 Treadmill Crane
32:24 Thumb Ring
33:26 Leather Archer Armor
33:06 Bodkin Arrow
34:21 Chemistry
33:48 Conscription
33:41 Logistica
33:31 Greek Fire
34:38 Two-Man Saw
34:55 Crop Rotation
34:02 Crossbowman
34:02 Elite Skirmisher
35:29 Ring Archer Armor
34:59 Bracer
35:21 Pikeman
36:03 Squires
36:23 Forging
36:19 Scale Barding Armor
36:04 Elite Cataphract
38:25 Caravan
42:15 Iron Casting
42:00 Chain Barding Armor
45:27 Plate Barding Armor
45:29 Halberdier
47:55 Scale Mail Armor
57:20 Coinage
57:54 Guilds
66:14 Chain Mail Armor
瘦死的骆驼比马大
11:55 Feudal Age
15:37 Castle Age
13:25 Double-Bit Axe
13:21 Horse Collar
16:54 Bow Saw
24:25 Wheelbarrow
28:44 Imperial Age
26:26 Heavy Plow
27:50 Chemistry
29:01 Scale Mail Armor
29:12 Forging
29:49 Conscription
32:42 Two-Man Saw
33:04 Hand Cart
32:35 Loom
33:15 Chain Mail Armor
33:36 Iron Casting
33:33 Wagenburg Tactics
33:15 Houfnice
36:55 Bombard Tower
36:55 Ballistics
36:48 Masonry
36:34 Murder Holes
40:34 Elite Hussite Wagon
41:41 Caravan
42:11 Coinage
41:52 Guilds
42:02 Town Watch
46:59 Banking
46:39 Guilds
46:47 Pikeman
47:28 Squires
47:59 Plate Mail Armor
47:21 Fletching
47:31 Padded Archer Armor
48:23 Town Patrol
51:11 Halberdier
52:53 Blast Furnace
66:50 Elite Skirmisher
一把菜刀
0:48 Loom
14:53 Feudal Age
16:49 Wheelbarrow
20:30 Castle Age
21:30 Stone Mining
30:59 Double-Bit Axe
42:52 Caravan
43:22 Light Cavalry
44:47 Bow Saw
44:19 Horse Collar
49:35 Imperial Age
46:56 Town Watch
47:30 Hand Cart
47:25 Husbandry
51:56 Pikeman
53:06 Hussar
54:13 Scale Mail Armor
55:02 Heavy Plow
58:41 Elite Skirmisher
61:22 Forging
73:01 Cavalier
Connection lost

Rejoining the realm…

Still unreachable

The connection could not be restored.

Session expired

The server has moved on; the page needs a fresh start.